 Dungeon Crawl Stone Soup version 0.29.1-13-g9f3cf754e1 (webtiles) character file.

Game seed: 15246978146449177659

496 promet the Slasher (level 7, -10/70 HPs)
             Began as an Ogre Gladiator on Feb 10, 2023.
             Was an Initiate of Dithmenos.
             Mangled by a shadow (17 damage)
             ... on level 5 of the Dungeon.
             The game lasted 00:22:47 (5685 turns).

promet the Slasher (Ogre Gladiator)                 Turns: 5685, Time: 00:22:48

Health: -10/70     AC:  4    Str: 19    XL:     7   Next: 15%
Magic:  7/7        EV: 10    Int: 11    God:    Dithmenos [......]
Gold:   294        SH:  0    Dex: 10    Spells: 6/6 levels left

rFire   + . .      SeeInvis .   a - +1 double sword
rCold   . . .      Faith    .   (no shield)
rNeg    . . .      Spirit   .   j - +0 robe
rPois   .          Reflect  .   c - +1 hat
rElec   .          Harm     .   (no cloak)
rCorr   .          Rampage  .   (gloves unavailable)
Will    .....                   (boots unavailable)
Stlth   +.........              (no amulet)
HPRegen 0.21/turn               h - ring of protection from fire
MPRegen 0.10/turn               (no ring)

@: lethally poisoned (-10 -> -35), invisible
A: large, unfitting armour, tough skin 1
a: Renounce Religion


You were on level 5 of the Dungeon.
You worshipped Dithmenos.
Dithmenos was noncommittal.
You visited 1 branch of the dungeon, and saw 5 of its levels.

You collected 294 gold pieces.

Inventory:

Hand Weapons
 a - a +1 double sword (weapon)
 b - a +0 sling
 g - a +3 whip of electrocution
 i - a +0 morningstar
 o - a +0 trident
Missiles
 d - 2 throwing nets (quivered)
 e - a large rock
 f - 33 stones
 k - 11 atropa-tipped darts
 n - 8 boomerangs
 t - 3 poisoned darts
Armour
 c - a +1 hat (worn)
 j - a +0 robe (worn)
Magical Staves
 s - a staff of conjuration
Jewellery
 h - a ring of protection from fire (left hand)
 l - a +6 ring of intelligence
Wands
 y - a wand of light (6)
Scrolls
 p - a scroll of identify
 x - a scroll of enchant armour
Potions
 r - a potion of magic
 u - a potion of flight


   Skills:
 + Level 4.2 Fighting
 * Level 4.9 Long Blades
 + Level 0.1 Maces & Flails
 + Level 3.4 Polearms
 + Level 2.3 Throwing
 + Level 3.7 Dodging
 + Level 0.6 Stealth


You had 6 spell levels left.
You didn't know any spells.
Your spell library contained the following spells:

 Spells                   Type           Power      Damage    Failure   Level
 Ignite Poison            Fire/Tmut/Pois 0%         N/A       71%         3
 Mephitic Cloud           Conj/Pois/Air  0%         N/A       71%         3
 Freezing Cloud           Conj/Ice/Air   0%         6-21      100%        5


Dungeon Overview and Level Annotations

Branches:
Dungeon (5/15)
 Temple: D:4-7

Altars:
Cheibriados
Dithmenos


Innate Abilities, Weirdness & Mutations

You are too large for most types of armour.
You have tough skin. (AC +1)


Message History

As you read the scroll labelled AFIOWK TAMECOUQYUTT, it crumbles to dust.
It was a scroll of poison.
The killer bee enters a dispersal trap!
The killer bee blinks!
You blink.
An ogre comes into view. It is wielding a +0 giant club.
The killer bee blinks!
The killer bee is engulfed in poison gas.
The killer bee is poisoned. x2
You miss the killer bee.
The killer bee is lightly wounded.
You are engulfed in poison gas.
You are poisoned.
You feel very sick.
The killer bee is engulfed in poison gas.
The killer bee looks even sicker.
The killer bee is engulfed in poison gas.
The killer bee looks even sicker.
The killer bee barely misses you.
The killer bee looks even sicker.
The killer bee stings you.
The killer bee is engulfed in poison gas.
The killer bee looks as sick as possible!
The killer bee stings you.
You miss the killer bee.
The killer bee is heavily wounded.
You are engulfed in poison gas.
You are more poisoned.
* * * LOW HITPOINT WARNING * * *
You feel extremely sick.
You kill the killer bee!
Dithmenos accepts your kill.
The shadow slips into darkness.
The shadow flickers and vanishes!
Deactivating autopickup; reactivate with Ctrl-A.
You feel better.
You are engulfed in poison gas.
You are poisoned.
You feel very sick.
You fade into invisibility!
You are lethally poisoned!
* * * LOW HITPOINT WARNING * * *
x2 You feel very sick.
You kill the killer bee!
Dithmenos accepts your kill.
The shadow strikes at you from the darkness!
You die...

########
#######.§§...##
#.......§.....#
#.≈≈≈.≈§§≈≈.#.#
#.≈....§..≈....
##.≈.###.#.≈....
#..≈.#^.§#.≈....
#..≈.#§☼{#.≈....
#..≈.#.§@#.≈....
#..≈.#§###.≈O...
#..≈.§y.y..≈....
#..≈§≈y≈≈≈≈≈..##
#..§..........#
#...
#.§...........#
....
#§#############
.... #.# ....
#.# ....


You could see an ogre (wandering, unable to see you) and 3 killer bees.

Vanquished Creatures
  Menkaure (D:4)
  A black bear (D:4)
  A scorpion (D:5)
  2 killer bees (D:5)
  An iguana (D:3)
  An orc wizard (D:3)
  2 adders
  2 ufetubi
  A worm (D:2)
  4 dart slugs
  3 orcs (D:4)
  6 ball pythons
  4 bats
  9 endoplasms
  2 giant cockroaches
  4 hobgoblins
  9 jackals
  8 kobolds
  4 quokkas
  3 frilled lizards (D:1)
  8 goblins
  4 rats
80 creatures vanquished.

Vanquished Creatures (others)
  4 withered plants (D:3)
4 creatures vanquished.

Grand Total: 84 creatures vanquished

Notes
Turn   | Place    | Note
-------+----------+-------------------------------------------
     0 | D:1      | promet the Ogre Gladiator began the quest for the Orb.
     0 | D:1      | Reached XP level 1. HP: 22/22 MP: 1/1
   105 | D:1      | Reached XP level 2. HP: 29/29 MP: 2/2
   805 | D:1      | You fall into a shaft and drop 1 floor!
   904 | D:1      | Reached XP level 3. HP: 37/37 MP: 3/3
  2330 | D:3      | Reached skill level 1 in Long Blades
  2330 | D:3      | Reached XP level 4. HP: 45/45 MP: 4/4
  2404 | D:3      | Found a faded altar of an unknown god.
  3405 | D:3      | Reached XP level 5. HP: 12/53 MP: 5/5
  3692 | D:4      | Noticed a black bear
  3728 | D:4      | Killed a black bear
  3729 | D:4      | Reached XP level 6. HP: 33/62 MP: 6/6
  3894 | D:4      | Noticed Menkaure
  4742 | D:4      | Killed Menkaure
  5102 | D:5      | Entered Level 5 of the Dungeon
  5325 | D:5      | Found a shadowy altar of Dithmenos.
  5355 | D:5      | Became a worshipper of Dithmenos the Shadowed
  5497 | D:5      | Noticed a shadow
  5503 | D:5      | Reached XP level 7. HP: 43/70 MP: 7/7
  5657 | D:5      | Found a snail-covered altar of Cheibriados.
  5685 | D:5      | Mangled by a shadow

Illustrated notes

Levels and vault maps discovered:
D:1:      psy_arrival_conway, layout_basic, minmay_quantized
D:2:      layout_loops_ring
D:3:      layout_rooms, ebering_ecumenical_altar_petrified
D:4:      layout_rooms, wad_floor_pattern_1, uniq_menkaure
D:5:      nicolae_cairo_tiling_very_big, layout_rooms,
          mainiacjoe_overflow_brackets, nicolae_dithmenos_shadow_blocks,
          serial_shops, nicolae_square_shop

Skill      XL: |  1  2  3  4  5  6 |
---------------+-------------------+-----
Dodging        | 3 |  3.7
Fighting       | 3 4 |  4.2
Long Blades    | 1 2 3 4 |  4.9
Maces & Flails | |  0.1
Polearms       | |  3.4
Throwing       | |  2.3
Stealth        | |  0.6

Action                   |  1- 3 |  4- 6 |  7- 9 || total
-------------------------+-------+-------+-------++-------
Melee: Trident           |    50 |       |       ||    50
       Whip              |    46 |       |       ||    46
       Double sword      |    22 |   111 |     4 ||   137
       Punch             |       |     1 |       ||     1
Throw: Stone             |     3 |     2 |       ||     5
       Throwing net      |       |     4 |       ||     4
       Dart              |       |     3 |       ||     3
       Large rock        |       |     1 |       ||     1
  Use: Scroll            |     7 |     7 |     2 ||    16
       Potion            |       |     4 |     2 ||     6
 Stab: Sleeping          |     1 |       |       ||     1
Armor: Robe              |    26 |    51 |       ||    77
Dodge: Dodged            |    61 |    97 |     2 ||   160
